 Dungeon Crawl Stone Soup version 0.31-a0-43-g46d131a48f (webtiles) character file.

Game seed: 10941660031958351264

10537 pk666 the Thaumaturge (level 11, -4/54 HPs)
             Began as a Deep Elf Fire Elementalist on May 20, 2023.
             Slain by a vampire mosquito (8 damage)
             ... on level 12 of the Dungeon.
             The game lasted 00:24:45 (12269 turns).

pk666 the Thaumaturge (Deep Elf Fire Elementalist) Turns: 12269, Time: 00:24:46

Health: -4/54      AC:  8    Str:  5    XL:     11   Next: 37%
Magic:  4/28       EV: 17    Int: 25    God:
Gold:   490        SH:  0    Dex: 15    Spells: 16/33 levels left

rFire   + . .        A - +1 dagger (elec)
rCold   x . .        (no shield)
rNeg    . . .        a - +0 robe
rPois   .            (no helmet)
rElec   .            s - +0 cloak
rCorr   .            (no gloves)
SInv    .            m - +0 pair of boots
Will    +....        (no amulet)
Stlth   ++           w - +4 ring of protection
HPRegen 0.29/turn    e - ring of fire
MPRegen 0.21/turn

%: no passive effects
@: about to teleport
A: no striking features
a: no special abilities


You were on level 12 of the Dungeon.
You visited 2 branches of the dungeon, and saw 13 of its levels.

You collected 490 gold pieces.

Inventory:

Hand Weapons
 A - a +1 dagger of electrocution (weapon)
Missiles
 y - a throwing net
Armour
 a - a +0 robe (worn)
 m - a +0 pair of boots (worn)
 r - the +2 ring mail "Duoreh" {Contam Harm rF++ SInv}
   (You found it on level 13 of the Dungeon)

   rF:        It greatly protects you from fire.
   SInv:      It lets you see invisible.
   Contam:    It causes magical contamination when unequipped.
   Harm:      It increases damage dealt and taken.
 s - a +0 cloak (worn)
Jewellery
 e - a ring of fire (right hand)
 l - a +6 ring of dexterity
 w - a +4 ring of protection (left hand)
Wands
 p - a wand of quicksilver (19)
 t - a wand of charming (21)
 u - a wand of mindburst (24)
 D - a wand of polymorph (6)
 E - a wand of flame (18)
Scrolls
 c - 4 scrolls of magic mapping
 d - 2 scrolls of enchant armour
 f - a scroll of teleportation
 h - 5 scrolls of poison
 i - 3 scrolls of fog
 o - 4 scrolls of amnesia
 q - a scroll of silence {unknown}
 v - 2 scrolls of immolation
 x - 2 scrolls of fear
 C - a scroll of blinking {unknown}
 F - 2 scrolls of vulnerability {unknown}
Potions
 b - 2 potions of magic
 g - 4 potions of curing
 j - a potion of heal wounds {unknown}
 k - a potion of mutation {unknown}
 n - a potion of lignification
 z - a potion of might {unknown}
 B - a potion of flight


   Skills:
 + Level 10.9 Dodging
 - Level 2.4 Stealth
 + Level 11.8 Spellcasting
 + Level 9.7 Conjurations
 + Level 10.3 Fire Magic
 * Level 4.2 Ice Magic


You had 16 spell levels left.
You knew the following spells:

 Your Spells              Type           Power      Damage    Failure   Level
a - Foxfire               Conj/Fire      100%       2x1d9     1%          1
b - Scorch                Fire           100%       2d9       1%          2
c - Flame Wave            Conj/Fire      77%        2d17      1%          4
d - Arcjolt               Conj/Air       19%        1d29      16%         5
e - Freezing Cloud        Conj/Ice/Air   19%        6-21      17%         5

Your spell library contained the following spells:

 Spells                   Type           Power      Damage    Failure   Level
 Inner Flame              Hex/Fire       57%        N/A       1%          3
 Stone Arrow              Conj/Erth      78%        3d11      1%          3
 Volatile Blastmotes      Fire/Tloc      100%       2d18      1%          3
 Sticky Flame             Conj/Fire      77%        2d9       1%          4
 Ignite Poison            Fire/Tmut/Pois 47%        N/A       3%          3
 Apportation              Tloc           28%        N/A       4%          1
 Necrotise                Necr           56%        1d6       4%          1
 Sandblast                Erth           28%        2d8       4%          1
 Summon Small Mammal      Summ           56%        N/A       4%          1
 Cigotuvi's Dreadful Rot  Necr/Pois/Air  28%        N/A       6%          2
 Passwall                 Tmut/Erth      11%        N/A       6%          2
 Vhi's Electric Charge    Tloc/Air       28%        N/A       12%         3
 Leda's Liquefaction      Hex/Erth       7%         N/A       38%         4
 Plasma Beam              Fire/Air       28%        2x1d45    58%         6
 Lee's Rapid Deconstruct  Erth           7%         3d6*      75%         5
 Statue Form              Tmut/Erth      9%         N/A       99%         6


Dungeon Overview and Level Annotations

Branches:
Dungeon (13/15)            Temple (1/1) D:4            Lair (0/5) D:9
    Orc: D:9-12      Vaults: D:13-14

Altars:
Ashenzari
Dithmenos
Elyvilon
Fedhas
Gozag
Hepliaklqana
Kikubaaqudgha
Makhleb
Nemelex Xobeh
Qazlal
Ru
Sif Muna
Trog
Uskayaw
Wu Jian
Xom
Yredelemnul
The Shining One

Shops:
D:6 *   D:7 *=   D:9 [

Annotations:
D:5 Pikel
D:7 1 runed translucent door, PostNTower's ghost, novice DsFE
D:9 Gastronok
D:10 1 transporter


Message History

The vampire mosquito bites you but does no damage.
The vampire mosquito moves out of view.
Casting: Arcjolt (quite dangerous; 16% risk of failure)
Confirm with . or Enter, or press ? or * to list all spells.
Okay, then.
Casting: Arcjolt (quite dangerous; 16% risk of failure)
Confirm with . or Enter, or press ? or * to list all spells.
Casting: Flame Wave (dangerous; 1% risk of failure)
Press: ? - help, Dir - look around, f - activate You feel a surge of power!
A wave of flame ripples out!
The flame wave engulfs the vampire mosquito!!
You destroy the vampire mosquito!
The flame wave engulfs the boulder beetle!
The boulder beetle is severely wounded. (Press . to intensify the flame waves.)
The vampire mosquito buzzes angrily. x2; You hear a shout!
You hear an angry hiss.
You hear a shout!
A komodo dragon comes into view.
The boulder beetle bites you!!
* * * LOW HITPOINT WARNING * * *
A wave of flame ripples out!
The flame wave engulfs the boulder beetle!!
The boulder beetle is almost dead.
You hear a shout!
Something headbutts the plant!
The plant begins to die.
The plant is splashed with acid.
The acid corrodes the plant!
An orc comes into view. It is wielding a +0 flail.
The boulder beetle leaps!
Okay, then.
As you read the scroll of teleportation, it crumbles to dust.
You feel strangely unstable. The vampire mosquito misses you.
The vampire mosquito bites you.
* * * LOW HITPOINT WARNING * * *
The vampire mosquito draws strength from your injuries!
The boulder beetle curls into a ball and begins rolling!
The vampire mosquito attacks as you move away!
The vampire mosquito bites you but does no damage.
The vampire mosquito attacks as you move away!
The vampire mosquito bites you!
You die...

#...PBP ##...#.#
###..#..l#
.........#
.o.....?.###
.......D...
......y..#
.....yy@°#
................
#.....[.....#...
.?######.......
. ##.......
#..##.. ... #
#.#.


You could see a boulder beetle (rolling), a komodo dragon, an acid dragon, 3
vampire mosquitoes and an orc.

Vanquished Creatures
  Snorg (D:10)
  Erolcha (D:9)
  A two-headed ogre (D:10)
  Amaemon (D:9)
  An orange demon (D:9)
  A rime drake (D:9)
  2 polar bears (D:9)
  A troll (D:10)
  Prince Ribbit (D:9)
  A hornet (D:9)
  Sigmund (D:4)
  11 yaks (D:10)
  A wyvern (D:8)
  3 steam dragons
  A vampire mosquito (D:12)
  An acid dragon (D:9)
  A water moccasin (D:6)
  2 orc warriors
  A black bear (D:6)
  A sky beast (D:7)
  3 ice beasts (D:9)
  3 ogres
  2 wolves (D:9)
  A centaur (D:8)
  A phantom (D:6)
  2 lemures (D:5)
  A kobold brigand (D:6)
  2 scorpions
  21 wights
  8 killer bees
  3 howler monkeys
  A quasit (D:7)
  3 hounds
  A gnoll bouda (D:10)
  2 jellies
  7 orc priests
  Ijyb (D:3)
  4 iguanas
  8 orc wizards
  14 gnolls
  8 adders
  3 shadow imps (D:7)
  3 white imps
  An ufetubus (D:7)
  A worm (D:2)
  2 dart slugs
  29 orcs
  9 ball pythons
  A bat (D:2)
  8 endoplasms
  6 giant cockroaches
  2 goblins
  6 hobgoblins
  5 jackals
  8 quokkas
  4 frilled lizards
  9 kobolds
  2 rats
229 creatures vanquished.

Vanquished Creatures (others)
  A human (D:7)
  516 foxfires
517 creatures vanquished.

Grand Total: 746 creatures vanquished

Notes
Turn   | Place    | Note
-------+----------+-------------------------------------------
     0 | D:1      | pk666 the Deep Elf Fire Elementalist began the quest for
                  | the Orb.
     0 | D:1      | Reached XP level 1. HP: 10/10 MP: 6/6
   209 | D:1      | Reached XP level 2. HP: 15/15 MP: 1/8
   289 | D:1      | Learned a level 2 spell: Scorch
  1216 | D:2      | Reached XP level 3. HP: 19/19 MP: 7/10
  2003 | D:3      | Reached XP level 4. HP: 24/24 MP: 8/11
  2051 | D:3      | Noticed a scorpion
  2060 | D:3      | Killed a scorpion
  2061 | D:3      | Reached skill level 4 in Spellcasting
  2173 | D:3      | Reached XP level 5. HP: 28/28 MP: 9/13
  2244 | D:3      | Learned a level 4 spell: Flame Wave
  2561 | D:3      | Noticed Ijyb
  2570 | D:3      | Killed Ijyb
  2701 | D:3      | Found a shimmering blue altar of Sif Muna.
  2760 | D:3      | Found an ornate altar of the Wu Jian Council.
  3181 | D:4      | Noticed Sigmund
  3188 | D:4      | Killed Sigmund
  3189 | D:4      | Reached skill level 5 in Spellcasting
  3189 | D:4      | Reached skill level 5 in Fire Magic
  3189 | D:4      | Reached XP level 6. HP: 23/32 MP: 3/16
  3504 | D:4      | Found a staircase to the Ecumenical Temple.
  3505 | D:4      | Noticed a steam dragon
  3517 | D:4      | Killed a steam dragon
  3518 | D:4      | Reached skill level 5 in Dodging
  3518 | D:4      | Reached XP level 7. HP: 16/36 MP: 8/17
  3583 | Temple   | Entered the Ecumenical Temple
  4259 | D:5      | Entered Level 5 of the Dungeon
  4369 | D:5      | Reached skill level 6 in Spellcasting
  4754 | D:5      | Noticed Pikel
  5122 | D:6      | Reached skill level 5 in Conjurations
  5195 | D:6      | Reached XP level 8. HP: 41/41 MP: 16/20
  5409 | D:6      | Found an opulent altar of Gozag.
  5474 | D:6      | Found Gozag's Platinum Reserve.
  5599 | D:6      | Reached skill level 7 in Spellcasting
  6303 | D:7      | Found a hide-covered altar of Uskayaw.
  6531 | D:7      | Reached skill level 8 in Spellcasting
  6734 | D:7      | Reached XP level 9. HP: 45/45 MP: 17/23
  6769 | D:7      | Found Ynoar's Jewellery Emporium.
  6940 | D:7      | Found Ytairchit's Island Escapes.
  6987 | D:7      | Found an ancient bone altar of Kikubaaqudgha.
  7074 | D:7      | Found a runed translucent door.
  7074 | D:7      | Found a shimmering altar of Xom.
  7074 | D:7      | Noticed a +2 rapier of chaos
  7074 | D:7      | Noticed PostNTower's ghost (novice DsFE)
  7560 | D:8      | Found a white marble altar of Elyvilon.
  7561 | D:8      | Found a broken altar of Ashenzari.
  7665 | D:8      | Found a basalt altar of Yredelemnul.
  7665 | D:8      | Found a hazy altar of Hepliaklqana.
  7766 | D:8      | Reached skill level 9 in Spellcasting
  9265 | D:9      | Noticed an orange demon
  9267 | D:9      | Noticed Amaemon
  9457 | D:9      | Noticed a polar bear
  9460 | D:9      | Noticed a rime drake
  9471 | D:9      | Reached XP level 10. HP: 34/50 MP: 11/25
  9473 | D:9      | Reached skill level 10 in Spellcasting
  9702 | D:9      | Noticed Gastronok
  9812 | D:9      | Noticed Prince Ribbit
  9820 | D:9      | Killed Prince Ribbit
  9954 | D:9      | Found Funuczim's Armour Emporium.
  9971 | D:9      | Noticed Erolcha
  9986 | D:9      | Killed Erolcha
  9992 | D:9      | Reached skill level 10 in Dodging
 10117 | D:9      | Found a staircase to the Lair.
 10279 | D:9      | Killed Amaemon
 10280 | D:9      | Reached skill level 11 in Spellcasting
 10292 | D:9      | Killed an orange demon
 10388 | D:9      | Noticed a cyclops
 10530 | D:8      | Learned a level 5 spell: Arcjolt
 10536 | D:8      | Learned a level 5 spell: Freezing Cloud
 11041 | D:10     | Entered Level 10 of the Dungeon
 11058 | D:10     | Reached skill level 1 in Ice Magic
 11063 | D:10     | Reached XP level 11. HP: 24/54 MP: 9/28
 11273 | D:10     | Reached skill level 10 in Fire Magic
 11523 | D:10     | Noticed Snorg
 11540 | D:10     | Killed Snorg
 11909 | D:10     | Noticed a two-headed ogre
 11915 | D:10     | Killed a two-headed ogre
 12088 | D:10     | Found a transporter.
 12098 | D:10     | Noticed a centaur warrior
 12100 | D:10     | Found a shimmering altar of Xom.
 12101 | D:10     | You fall into a shaft and drop 3 floors!
 12160 | D:13     | Identified the +2 ring mail "Duoreh" {Contam Harm rF++
                  | SInv}
 12192 | D:13     | Noticed a tengu warrior
 12192 | D:13     | Noticed a tengu warrior
 12260 | D:12     | Noticed a boulder beetle
 12269 | D:12     | Slain by a vampire mosquito

Illustrated notes

Levels and vault maps discovered:
D:1:      dpeg_arrival_three_bigger_balls, layout_basic,
          hangedman_abyss_or_decor_stabs, grunt_decor_one_mirror,
          minmay_misc_feat_rows, minmay_small_reverse_x
D:2:      layout_rooms, kennysheep_generic_room_7
D:3:      layout_rooms, nicolae_wu_jian_glorious_leap,
          nicolae_sif_muna_condensation, kennysheep_generic_room_2, uniq_ijyb
D:4:      layout_loops_corners, minmay_temple_entry_large_hall, uniq_sigmund
D:5:      layout_basic, nicolae_overflow_hidden_temple,
          chequers_serial_rivers_small_a, amcnicky_mini_rare_corridor_liquid,
          grunt_ministairs_7, minmay_misc_feat_secret_circle, uniq_pikel
D:6:      layout_basic, nicolae_gozag_zags_fifth_avenue
D:7:      layout_basic, mainiacjoe_overflow_concentric_impassable,
          tgw_kikubaaqudgha, serial_shops, nicolae_stop_n_shop_2,
          ebering_ghost_xom, serial_demonic, serial_demonic_f, serial_demonic_e,
          serial_demonic_g, serial_demonic_g, nicolae_island_escapes
D:8:      layout_basic, grunt_temple_overflow_open
D:9:      layout_cave_pools, kennysheep_slug_shrine, hellmonk_lair_entry_icy,
          serial_shops, nicolae_shop_peninsula, uniq_gastronok, uniq_erolcha,
          uniq_amaemon, uniq_prince_ribbit1
D:10:     layout_basic, zin_purify, gammafunk_temple_overflow_arena,
          nicolae_shop_gadgets, uniq_snorg
D:12:     layout_rooms, david_orc_4, serial_bayou, serial_bayou_lake_a,
          serial_bayou_pond_c, serial_bayou_pond_b, serial_bayou_lagoon_a,
          worldfamousw_hep_ancestral_shrine
D:13:     layout_grid_maze, erik_vaults_2, uniq_rupert, uniq_kirke, uniq_sonja
Temple:   nicolae_temple_bog_church

Skill      XL: |  1  2  3  4  5  6  7  8  9 10 11 |
---------------+----------------------------------+-----
Dodging        | 3 4 5 6 7 9 10 | 10.9
Conjurations   | 2 3 4 5 6 7 9 |  9.7
Spellcasting   | 4 5 6 8 9 11 | 11.8
Fire Magic     | 4 5 6 7 8 9 10 | 10.3
Ice Magic      | 1 4 |  4.2
Stealth        | |  2.4

Action                     |  1- 3 |  4- 6 |  7- 9 | 10-12 || total
---------------------------+-------+-------+-------+-------++-------
  Melee: Dagger            |       |       |       |     1 ||     1
   Cast: Foxfire           |    77 |    43 |   151 |    50 ||   321
         Scorch            |     6 |    26 |   136 |    62 ||   230
         Flame Wave        |       |       |     5 |    14 ||    19
         Arcjolt           |       |       |       |     4 ||     4
         Freezing Cloud    |       |       |       |     2 ||     2
    Use: Scroll            |       |     3 |     1 |    10 ||    14
         Potion            |       |       |       |     1 ||     1
 Armour: Robe              |     2 |       |    24 |    14 ||    40
  Dodge: Dodged            |    10 |     9 |    76 |    35 ||   130

Table legend: (Time is in decaauts)
 A = Elapsed time spent in this place.
 B = Non-inter-level travel time spent in this place.
 C = Inter-level travel time spent in this place.
 D = Time resting spent in this place.
 E = Time spent auto-exploring this place.
 F = Levels seen in this place.
 G = Mean time per level.
                   A        B        C        D        E       F      G
               +--------+--------+--------+--------+--------+-----+--------+
         Total |  12297 |  11821 |    476 |   3272 |   6630 |  13 |  945.9 |
       Dungeon |  12099 |  11646 |    453 |   3272 |   6464 |  12 | 1008.2 |
        Temple |    198 |    175 |     23 |      0 |    165 |   1 |  198.0 |
               +--------+--------+--------+--------+--------+-----+--------+

Top non-repeatable levels by time:
     D:8: 2436 daAuts
     D:4: 1482 daAuts
     D:6: 1328 daAuts
     D:9: 1224 daAuts
     D:1: 1117 daAuts
     D:7: 1100 daAuts
    D:10: 954 daAuts
     D:3: 875 daAuts
     D:2: 852 daAuts
     D:5: 561 daAuts
  Temple: 198 daAuts
    D:13: 158 daAuts
    D:12: 8 daAuts
